 Dungeon Crawl Stone Soup version 0.26-a0-712-ga5a9c9c9d0 (console) character file.

Game seed: 16707643649951102918

124194 jejorda2 the Fighter (level 16, -15/146 HPs)
             Began as a Purple Draconian Conjurer on Oct 31, 2020.
             Was the Champion of Ashenzari.
             Killed from afar by a thorn hunter (31 damage)
             ... with a volley of thorns
             ... on level 4 of the Swamp.
             The game lasted 02:39:37 (35614 turns).

jejorda2 the Fighter (Purple Draconian Conjurer)   Turns: 35614, Time: 02:39:37

Health: -15/146    AC: 26    Str: 10    XL:     16   Next: 8%
Magic:  23/32      EV: 20    Int: 23    God:    Ashenzari [******]
Gold:   3137       SH:  8    Dex: 12    Spells: 4/39 levels left

rFire    + + .     SeeInvis +   a - +9 lance {slay drac, rPois rF+ rC+ AC+3} (curse)
rCold    + . .     Faith    +   W - +1 buckler {AC+3} (curse)
rNeg     + . .     Spirit   .   (armour unavailable)
rPois    +         Reflect  .   D - +2 hat {MR+} (curse)
rElec    .         Harm     .   V - +2 cloak {MR+} (curse)
rCorr    .         Rampage  .   g - +2 pair of gloves {archery} (curse)
MR       ++++.     Clarity  +   r - +2 pair of boots {Fly} (curse)
Stlth    ++++......             v - amulet of faith (curse)
HPRegen  0.34/turn              o - ring of positive energy (curse)
MPRegen  0.23/turn              d - ring of protection from fire (curse)

@: flying
A: breathe power, unfitting armour, cold-blooded, AC +9
}: 1/15 runes: decaying
a: Breathe Dispelling Energy, Curse Item, Scrying, Transfer Knowledge, Renounce
Religion, Stop Flying


You were on level 4 of the Swamp.
You worshipped Ashenzari.
Ashenzari was exalted by your worship.
You visited 4 branches of the dungeon, and saw 25 of its levels.
You also visited: Sewer.

You collected 5000 gold pieces.
You spent 1863 gold pieces at shops.

Inventory:

Hand Weapons
 a - the cursed +9 lance "Wyrmbane" (weapon) {slay drac, rPois rF+ rC+ AC+3}
   (You found it on level 5 of the Lair of Beasts)

   It affects your AC (+3).
   It protects you from fire.
   It protects you from cold.
   It protects you from poison.
   It has a curse placed upon it.
Missiles
 h - 10 javelins
 i - 782 stones
 t - 69 poisoned darts (quivered)
 C - 6 throwing nets
 G - 3 curare-tipped darts
Armour
 g - a cursed +2 pair of gloves of archery (worn)
 r - a cursed +2 pair of boots of flying (worn)
 w - a +0 kite shield
 D - a cursed +2 hat of magic resistance (worn)
 V - a cursed +2 cloak of magic resistance (worn)
 W - a cursed +1 buckler of protection (worn)
Jewellery
 d - a cursed ring of protection from fire (right hand)
 o - a cursed ring of positive energy (left hand)
 v - a cursed amulet of faith (around neck)
 E - an uncursed ring of resist corrosion
Wands
 f - a wand of disintegration (24)
 x - a wand of digging (16)
 y - a wand of paralysis (8)
 B - a wand of polymorph (12)
 I - a wand of acid (4)
 M - a wand of flame (14)
 N - a wand of random effects (102)
 Q - a wand of iceblast (6)
 R - a wand of enslavement (32)
Scrolls
 c - 2 scrolls of fog
 m - 2 scrolls of enchant armour
 n - 3 scrolls of amnesia
 p - 16 scrolls of teleportation
 A - a scroll of fear
 H - a scroll of remove curse
 L - a scroll of silence
 P - 12 scrolls of identify
 U - a scroll of blinking
Potions
 b - a potion of invisibility
 e - 2 potions of stabbing
 j - 4 potions of ambrosia
 k - 4 potions of haste
 q - 3 potions of cancellation
 s - 7 potions of flight
 u - 9 potions of curing
 z - 3 potions of lignification
 F - 5 potions of brilliance
 J - 4 potions of might
 K - 5 potions of magic
 O - a potion of mutation
Miscellaneous
 l - a phial of floods
 T - a tin of tremorstones (3/3)


   Skills:
 - Level 14.0 Fighting
   Level 5.0 Short Blades
 - Level 8.1(12.6) Polearms
 - Level 9.7(14.0) Dodging
 - Level 4.2(8.5) Stealth
 * Level 9.0(11.9) Shields
 - Level 12.0 Spellcasting
 - Level 7.1(11.6) Conjurations
 - Level 2.4(6.0) Hexes
 - Level 13.9(18.0) Summonings
 - Level 5.3(9.8) Translocations
 - Level 2.7(6.4) Ice Magic
 - Level 1.4(4.3) Air Magic
 - Level 1.5(4.5) Poison Magic
 - Level 3.1(7.0) Evocations


You had 4 spell levels left.
You knew the following spells:

 Your Spells              Type           Power        Failure   Level
a - Magic Dart            Conj           ####         1%          1
b - Searing Ray           Conj           ######       1%          2
c - Mephitic Cloud        Conj/Pois/Air  #####...     1%          3
d - Iskenderun's Mystic   Conj/Tloc      ######..     1%          4
e - Summon Ice Beast      Ice/Summ       ######..     1%          4
f - Summon Forest         Summ/Tloc      ######....   1%          5
g - Summon Mana Viper     Hex/Summ       ######..     1%          5
h - Summon Hydra          Summ           #######...   2%          7
k - Blink                 Tloc           N/A          1%          2
S - Swiftness             Air            ####....     1%          2

Your spell library contained the following spells:

 Spells                   Type           Power        Failure   Level
 Call Imp                 Summ           #######.     0%          2
 Corona                   Hex            #####..      1%          1
 Freeze                   Ice            ####         1%          1
 Slow                     Hex            #####...     1%          2
 Conjure Flame            Conj/Fire      #####...     1%          3
 Dazzling Flash           Conj/Hex       ######       1%          3
 Frozen Ramparts          Ice            #####.       1%          3
 Gell's Gravitas          Tloc           ######....   1%          3
 Ozocubu's Armour         Ice            #####...     1%          3
 Portal Projectile        Hex/Tloc       ######       1%          3
 Fulminant Prism          Conj/Hex       ######....   1%          4
 Hailstorm                Conj/Ice       ######..     1%          4
 Passage of Golubria      Tloc           N/A          1%          4
 Animate Skeleton         Necr           ###...       3%          1
 Pain                     Necr           ###.         3%          1
 Inner Flame              Hex/Fire       ####....     3%          3
 Cause Fear               Hex            #####.....   3%          4
 Passwall                 Tmut/Erth      ###.....     5%          2
 Vampiric Draining        Necr           ###.......   11%         3
 Leda's Liquefaction      Hex/Erth       ####......   12%         4
 Animate Dead             Necr           ###.......   34%         4
 Summon Demon             Summ           #######...   1%          5
 Shadow Creatures         Summ           N/A          1%          6
 Dispersal                Tloc           ######....   12%         6
 Invisibility             Hex            #####...     52%         6
 Agony                    Necr           ###.....     67%         5
 Lee's Rapid Deconstruct  Erth           ###.......   67%         5
 Disjunction              Tloc           ######....   99%         8


Dungeon Overview and Level Annotations

Branches:
Dungeon (13/15)            Temple (0/1) D:5            Lair (6/6) D:9
  Swamp (4/4) Lair:4       Spider (0/4) Lair:4        Slime (0/5) Lair:6
    Orc (2/2) D:11            Elf (0/3) Orc:2         Sewer (visited)
 Vaults: D:13-14

Altars:
Ashenzari
Dithmenos
Elyvilon
Makhleb
Nemelex Xobeh
Qazlal
Ru
Trog
Uskayaw
Vehumet
Xom
Yredelemnul
Jiyva

Shops:
D:5 [   D:6 =   D:7 *   D:11 [[   D:13 *   Orc:2 *[==

Annotations:
D:5 2 transporters, jiml777's ghost, novice DEAE
Lair:2 2 transporters, Vamireybik's ghost, journeyman MiFi
Orc:1 1 runed translucent door, exclusion: door, Whiskey's ghost, journeyman DsIE


Innate Abilities, Weirdness & Mutations

You can breathe bolts of dispelling energy.
Your rich purple scales are hard. (AC +9)
You cannot fit into any form of body armour.
You are cold-blooded and may be slowed by cold attacks.


Message History

The volley of thorns misses you.
Attack whom?
Press: ? - help, Dir - move target cursor, f - thorn hunter
Aim: a thorn hunter (water, lightly damaged)
You reach to attack!
You hit the thorn hunter.
The thorn hunter is lightly damaged.
The briar patch crumbles away.
Your dryad completely misses the thorn hunter.
Attack whom?
Press: ? - help, Dir - move target cursor, f/p - thorn hunter
Aim: a thorn hunter (water, lightly damaged)
You reach to attack!
You puncture the thorn hunter!
The thorn hunter is moderately damaged.
The thorn hunter fires a volley of thorns at you.
The volley of thorns hits you!!
* * * LOW HITPOINT WARNING * * *
The briar patch crumbles away. x2
The thorn hunter fires a volley of thorns at you.
The volley of thorns hits you!!
You die...

♣.≈≈...♣♣♣♣♣♣.≈.≈≈≈....♣ ♣
♣♣♣♣♣♣♣♣≈.≈♣≈≈.≈≈≈≈.≈≈♣♣♣♣
♣♣≈≈.≈P.≈...≈≈≈≈≈≈.♣ ♣.
♣≈≈≈.≈P..≈≈.≈≈≈≈.).♣♣♣.
♣.≈≈≈≈P≈≈≈≈≈§≈≈≈≈D≈§♣♣≈ * *
♣≈..≈≈PfRP§..§≈.≈f≈≈♣♣♣
≈≈*♣♣♣§..≈≈≈≈PP≈..♣...≈R.♣
≈≈≈≈ ♣.≈≈.....≈≈≈≈.♣≈..≈≈.♣♣
, ♣≈≈.♣.≈@§≈≈.♣♣♣≈..♣♣♣♣♣ *
≈ ,
..P....≈≈...≈♣♣..#≈≈.§≈♣♣
**,≈,
≈≈.P.♣≈.≈≈≈♣..≈≈.♣♣#.##≈.. *
≈,≈≈.P≈..PPP≈P.≈§#♣♣ ##♣#♣#.
,≈≈≈PPPPPPPPP≈≈♣#########♣♣
≈≈≈≈≈♣♣♣...≈.♣###..§≈..###
*≈,..♣♣♣♣♣§≈≈≈♣##≈..≈≈≈≈.≈≈#
,,,.)♣♣♣≈♣..≈.##..§.≈§≈≈.≈..
*≈ * ..≈≈§≈PP......§§.≈≈§...


You could see a thorn hunter and a friendly dryad (summoned).

Vanquished Creatures
  Gastronok (D:8)
  A very ugly thing (Swamp:3)
  Nessos (Lair:5)
  A fire dragon (Lair:6)
  Harold (D:8)
  A boulder beetle (Lair:3)
  20 hydras
  2 centaur warriors
  7 alligators
  8 death yaks
  4 two-headed ogres
  Urug (D:10)
  3 unseen horrors
  2 spriggan druids
  8 swamp dragons
  2 orc knights (Orc:2)
  A necromancer (D:13)
  4 lindwurms
  An orb spider (Lair:4)
  2 cyclopes (D:12)
  A manticore (D:9)
  2 elephants (Lair:3)
  A centaur zombie (D:13)
  Maurice (D:8)
  4 torpor snails (Lair:6)
  5 black mambas
  A centaur skeleton (D:11)
  12 cane toads
  Maggie (D:8)
  A rime drake (Lair:6)
  An efreet (D:9)
  A troll (Orc:2)
  10 komodo dragons
  9 polar bears
  8 hornets
  6 bog bodies
  Grinder (D:5)
  10 tyrant leeches
  2 raiju (Lair:6)
  6 blink frogs
  13 slime creatures
  20 yaks
  2 vampires
  Sigmund (D:6)
  4 wyverns
  A basilisk (Lair:6)
  A golden eye (shapeshifter) (D:13)
  A wraith (D:13)
  A steam dragon (D:9)
  4 vampire mosquitoes
  2 wargs (Lair:6)
  5 insubstantial wisps
  9 swamp worms
  10 water moccasins
  6 hell hounds (Lair:6)
  Duvessa (D:6)
  An eye of draining (D:12)
  7 swamp drakes
  23 orc warriors
  A sky beast (D:8)
  3 phantoms
  10 black bears
  11 ogres
  15 wolves
  7 centaurs
  A big kobold (D:8)
  17 bullfrogs
  A gnoll sergeant (D:8)
  4 wyvern skeletons
  Dowan (D:6)
  4 scorpions
  6 killer bees
  16 wights
  2 nameless horrors
  An electric eel (Lair:6)
  4 howler monkeys
  3 bullfrog zombies
  8 hounds
  12 orc priests
  24 orc wizards
  4 bullfrog skeletons
  4 iguanas
  13 worker ants
  A hound skeleton (D:8)
  A hound zombie (D:8)
  2 worker ant zombies (D:10)
  17 gnolls
  A howler monkey skeleton (D:9)
  19 adders
  2 shadow imps (D:5)
  4 white imps
  An ufetubus (D:9)
  6 oozes (Sewer)
  An adder skeleton (D:9)
  An adder zombie (D:9)
  6 worms
  A dart slug (D:2)
  10 leopard geckos
  98 orcs
  18 bats
  15 giant cockroaches
  7 goblins
  5 hobgoblins
  15 jackals
  9 kobolds
  4 quokkas
  2 ball pythons
  5 frilled lizards
  2 leopard gecko skeletons (D:4)
  2 leopard gecko zombies
  3 quokka zombies
  5 rats (D:1)
  3 briar patches (Swamp:4)
704 creatures vanquished.

Vanquished Creatures (collateral kills)
  2 thorn hunters (Swamp:4)
  Donald (Swamp:2)
  Snorg (Lair:5)
  12 hydras
  4 shambling mangroves
  7 alligators
  A centaur warrior (D:13)
  2 death yaks
  A tengu warrior (D:13)
  An orc high priest (Orc:1)
  3 swamp dragons (Swamp:4)
  2 orc knights
  An orc sorcerer (Orc:1)
  An ugly thing (D:13)
  An elephant (Lair:3)
  A black mamba (Lair:6)
  6 cane toads
  A torpor snail (Lair:6)
  3 rime drakes
  3 komodo dragons
  A troll (D:13)
  2 polar bears (Lair:6)
  11 hornets
  2 raiju (Lair:6)
  6 blink frogs
  5 tyrant leeches
  2 bog bodies
  10 slime creatures
  5 spriggans
  17 yaks
  2 wyverns
  Grum (D:11)
  7 vampire mosquitoes
  4 swamp worms
  3 wargs
  2 insubstantial wisps (Swamp:1)
  3 water moccasins
  7 hell hounds (Lair:6)
  5 black bears
  2 sky beasts (D:13)
  2 ice beasts
  An ogre (D:13)
  10 orc warriors
  3 swamp drakes (Swamp:4)
  5 centaurs
  5 wolves
  A nameless horror (Swamp:4)
  A killer bee (D:10)
  A hound (D:11)
  A gnoll shaman (Orc:1)
  2 orc priests (Orc:1)
  2 gnolls
  14 orcs
  29 briar patches (Swamp:4)
  2 bushes (Lair:5)
230 creatures vanquished.

Vanquished Creatures (others)
  An orc priest (Orc:1)
  An orc (Orc:1)
  4 briar patches (Swamp:4)
  52 fungi
  88 plants
  12 snaplasher vines
158 creatures vanquished.

Grand Total: 1092 creatures vanquished

Notes
Turn   | Place    | Note
-------+----------+-------------------------------------------
     0 | D:1      | jejorda2 the Draconian Conjurer began the quest for the
                  | Orb.
     0 | D:1      | Reached XP level 1. HP: 14/14 MP: 3/3
   196 | D:1      | Reached XP level 2. HP: 22/22 MP: 3/5
   266 | D:1      | Reached skill level 1 in Fighting
   404 | D:1      | Learned a level 2 spell: Searing Ray
   923 | D:2      | Reached XP level 3. HP: 28/28 MP: 3/6
   963 | D:2      | Reached skill level 1 in Short Blades
  1030 | D:2      | Found a shimmering altar of Xom.
  1031 | D:2      | Found a sparkling altar of Nemelex Xobeh.
  1043 | D:2      | Found a sacrificial altar of Ru.
  1043 | D:2      | Found a broken altar of Ashenzari.
  1045 | D:2      | Found a basalt altar of Yredelemnul.
  1046 | D:2      | Found a stormy altar of Qazlal.
  1786 | D:2      | Became a worshipper of Ashenzari the Shackled
  1810 | D:3      | Reached skill level 2 in Fighting
  1810 | D:3      | Reached XP level 4. HP: 36/36 MP: 7/7
  2035 | D:3      | Reached XP level 5. HP: 42/42 MP: 7/9
  2443 | D:2      | Reached skill level 3 in Fighting
  3027 | D:2      | Reached XP level 6. HP: 44/51 MP: 4/10
  3568 | D:2      | HP: 1/51 [ogre/+0 giant club (7)]
  4051 | D:4      | Your scales start taking on a rich purple colour.
  4051 | D:4      | Reached XP level 7. HP: 49/58 MP: 2/13
  4173 | D:4      | Reached * piety under Ashenzari
  4235 | D:4      | Reached skill level 4 in Fighting
  4287 | D:4      | Reached skill level 5 in Short Blades
  4865 | D:5      | Entered Level 5 of the Dungeon
  4865 | D:5      | Noticed Grinder
  4993 | D:4      | Reached skill level 5 in Spellcasting
  5067 | D:5      | Found a transporter.
  5067 | D:5      | Noticed jiml777's ghost (novice DEAE)
  5070 | D:5      | Found a transporter.
  5071 | D:5      | Identified the +6 lajatang of Leff {pain, rPois Str+3
                  | Dex-5}
  5090 | D:5      | Paralysed by Grinder for 3 turns
  5116 | D:6      | Learned a level 3 spell: Mephitic Cloud
  5172 | D:6      | Found a glowing drain.
  5196 | Sewer    | Entered a sewer
  5626 | Sewer    | Reached XP level 8. HP: 66/66 MP: 15/15
  5741 | D:6      | Noticed Duvessa
  5741 | D:6      | Noticed Dowan
  5744 | D:6      | Killed Duvessa
  5744 | D:6      | Killed Dowan
  5771 | D:6      | Learned a level 2 spell: Blink
  5818 | D:6      | Noticed a +0 hand axe
  5819 | D:6      | Noticed a +0 dagger
  5825 | D:6      | Found a hide-covered altar of Uskayaw.
  5840 | D:6      | Noticed Sigmund
  5988 | D:6      | Killed Sigmund
  5988 | D:6      | Reached skill level 1 in Air Magic
  5988 | D:6      | Reached skill level 1 in Poison Magic
  6053 | D:6      | Found Ekoggu's Jewellery Shoppe.
  6060 | D:6      | Reached ** piety under Ashenzari
  6462 | D:5      | Found Sivvaxki's Armour Emporium.
  6699 | D:5      | Paralysed by Grinder for 7 turns
  6708 | D:5      | Killed Grinder
  6755 | D:5      | Found a staircase to the Ecumenical Temple.
  6891 | D:5      | Reached skill level 5 in Fighting
  7215 | D:7      | Learned a level 4 spell: Iskenderun's Mystic Blast
  7357 | D:7      | Reached XP level 9. HP: 74/74 MP: 13/16
  7928 | D:7      | Reached skill level 6 in Fighting
  8386 | D:7      | Reached *** piety under Ashenzari
  8531 | D:7      | Found Atongoik's Assorted Antiques.
  8534 | D:7      | Bought a pair of glowing boots for 157 gold pieces
  8534 | D:7      | Bought a paperback book for 315 gold pieces
  8534 | D:7      | Bought a fizzy ruby potion for 18 gold pieces
  8534 | D:7      | Bought a scroll of identify for 42 gold pieces
  8718 | D:8      | Noticed Harold
  8721 | D:8      | Noticed Maggie
  8826 | D:8      | Noticed Maurice
  8841 | D:8      | Killed Maurice
  8880 | D:8      | Killed Harold
  8880 | D:8      | Reached skill level 7 in Fighting
  8880 | D:8      | Reached skill level 5 in Dodging
  8880 | D:8      | Reached skill level 5 in Conjurations
  8880 | D:8      | Reached XP level 10. HP: 82/86 MP: 8/18
  8910 | D:8      | Reached skill level 1 in Shields
  8965 | D:8      | Killed Maggie
  9232 | D:8      | Noticed Gastronok
  9252 | D:8      | Killed Gastronok
 10014 | D:9      | Found a burning altar of Makhleb.
 10017 | D:9      | Reached skill level 8 in Fighting
 10038 | D:9      | Found a staircase to the Lair.
 10238 | D:9      | Reached **** piety under Ashenzari
 10638 | D:9      | Noticed a four-headed hydra
 10655 | D:9      | Killed a four-headed hydra
 10655 | D:9      | Reached XP level 11. HP: 95/95 MP: 11/21
 10755 | D:9      | Identified the +4 lajatang "Cepruv" {freeze, rPois rN+
                  | Stlth+}
 10755 | D:9      | Identified the cursed ring of Greed {+Inv rF- Str+7 Int+4
                  | Dex-4}
 10755 | D:9      | Noticed an unseen horror
 10935 | D:9      | Killed an unseen horror
 11125 | Lair:1   | Entered Level 1 of the Lair of Beasts
 11125 | Lair:1   | Noticed a five-headed hydra
 11137 | Lair:1   | Killed a five-headed hydra
 11137 | Lair:1   | Reached skill level 5 in Translocations
 11520 | Lair:1   | Learned a level 4 spell: Summon Ice Beast
 11575 | Lair:1   | Reached skill level 9 in Fighting
 11649 | Lair:1   | Reached skill level 1 in Summonings
 11654 | Lair:1   | Reached skill level 1 in Ice Magic
 11859 | Lair:1   | Reached ***** piety under Ashenzari
 12299 | Lair:2   | Found a transporter.
 12304 | Lair:2   | Found a transporter.
 12309 | Lair:2   | Found a bloodstained altar of Trog.
 12309 | Lair:2   | Identified the +7 trident of Truncation {freeze, rC+ Str+4}
 12309 | Lair:2   | Noticed a spriggan rider
 12329 | Lair:2   | Noticed Vamireybik's ghost (journeyman MiFi)
 12331 | Lair:2   | Identified the +9 demon trident of Spring {antimagic, rC+
                  | Int+4}
 12331 | Lair:2   | Noticed a spriggan rider
 12754 | Lair:2   | Noticed a death yak
 12760 | Lair:2   | Noticed a death yak
 12760 | Lair:2   | Noticed a death yak
 12761 | Lair:2   | Noticed a death yak
 12762 | Lair:2   | Noticed a death yak
 12764 | Lair:2   | Noticed a death yak
 12787 | Lair:2   | Killed a death yak
 12791 | Lair:2   | Killed a death yak
 12812 | Lair:1   | HP: 4/97 [death yak (5)]
 12816 | Lair:1   | Killed a death yak
 12816 | Lair:1   | Reached skill level 10 in Spellcasting
 13335 | Lair:1   | Killed a death yak
 13335 | Lair:1   | Reached XP level 12. HP: 80/104 MP: 15/26
 13490 | Lair:1   | Killed a death yak
 13647 | Lair:1   | Killed a death yak
 14260 | Lair:3   | Learned a level 5 spell: Summon Forest
 14361 | Lair:3   | Noticed a four-headed hydra
 14371 | Lair:3   | Killed a four-headed hydra
 14461 | Lair:3   | Noticed a four-headed hydra
 14473 | Lair:3   | Killed a four-headed hydra
 14541 | Lair:3   | Reached skill level 5 in Summonings
 14543 | Lair:3   | Reached skill level 5 in Shields
 15248 | Lair:3   | Noticed a four-headed hydra
 15259 | Lair:3   | Killed a four-headed hydra
 15644 | Lair:3   | Noticed a boulder beetle
 15664 | Lair:3   | Killed a boulder beetle
 15917 | Lair:3   | Learned a level 2 spell: Swiftness
 16118 | Lair:4   | Reached ****** piety under Ashenzari
 16208 | Lair:4   | Found a staircase to the Swamp.
 16227 | Lair:4   | Learned a level 5 spell: Summon Mana Viper
 16240 | Lair:4   | Noticed a six-headed hydra
 16246 | Lair:4   | Killed a six-headed hydra
 16347 | Lair:4   | Found a hole to the Spider Nest.
 16965 | Lair:5   | Noticed Snorg
 16971 | Lair:5   | Killed Snorg
 17059 | Lair:5   | Found the +8 lance "Wyrmbane" {slay drac, rPois rF+ rC+
                  | AC+3}
 17285 | Lair:5   | Reached skill level 1 in Polearms
 17312 | Lair:5   | Noticed Nessos
 17339 | Lair:5   | Killed Nessos
 17339 | Lair:5   | Reached XP level 13. HP: 34/111 MP: 13/28
 18594 | Lair:6   | Entered Level 6 of the Lair of Beasts
 18602 | Lair:6   | Reached skill level 5 in Polearms
 18858 | Lair:6   | Reduced skill Short Blades to level 5
 19690 | Lair:6   | Learned a level 7 spell: Summon Hydra
 20310 | Lair:6   | Reached skill level 10 in Summonings
 20552 | Lair:6   | Reached skill level 10 in Fighting
 21074 | Lair:6   | Found a viscous altar of Jiyva.
 21074 | Lair:6   | Found a staircase to the Slime Pits.
 21237 | Lair:6   | Found a runed translucent door.
 21238 | Lair:6   | Noticed a fire dragon
 21259 | Lair:6   | Killed a fire dragon
 21415 | Lair:6   | Reached XP level 14. HP: 63/122 MP: 30/30
 21424 | Lair:6   | Paralysed by a hornet for 3 turns
 21426 | Lair:6   | Reached skill level 1 in Hexes
 22647 | D:10     | Entered Level 10 of the Dungeon
 22847 | D:10     | Noticed Urug
 22865 | D:10     | Killed Urug
 23267 | D:10     | Found a shadowy altar of Dithmenos.
 23270 | D:10     | Identified the +6 whip "Beastbane" {vamp, rC+}
 23334 | D:10     | Reached skill level 11 in Fighting
 23755 | D:11     | Found a white marble altar of Elyvilon.
 23766 | D:11     | Noticed Grum
 23770 | D:11     | Killed Grum
 23816 | D:11     | Found Bouh Echu's Armour Shop.
 23840 | D:11     | Identified a scroll of acquirement
 23840 | D:11     | Acquired 763 gold pieces
 23891 | D:11     | Reached skill level 1 in Evocations
 23909 | D:11     | Found Zentywk's Armour Boutique.
 23966 | D:11     | Identified the ring "Boquahi" {+Fly rN+ Str+4}
 24125 | D:11     | Found a staircase to the Orcish Mines.
 26020 | D:13     | Found a radiant altar of Vehumet.
 26616 | D:13     | Found Cunopni's General Store.
 26623 | D:13     | Bought a scroll of blinking for 97 gold pieces
 26913 | D:13     | Reached skill level 12 in Fighting
 27237 | Orc:1    | Entered Level 1 of the Orcish Mines
 27340 | Orc:2    | Entered Level 2 of the Orcish Mines
 27479 | Orc:2    | Found a staircase to the Elven Halls.
 27710 | Orc:1    | Found a runed translucent door.
 27710 | Orc:1    | Found a shimmering altar of Xom.
 27710 | Orc:1    | Noticed Whiskey's ghost (journeyman DsIE)
 28183 | Orc:2    | Found a bloodstained altar of Trog.
 28304 | Orc:2    | Found Kyts's Jewellery Shoppe.
 28304 | Orc:2    | Found Zohaomed's Armour Shop.
 28304 | Orc:2    | Found Faneadgh's General Store.
 29319 | Orc:2    | Found Biyx's Jewellery Emporium.
 29355 | Orc:2    | Bought a scroll of acquirement for 676 gold pieces
 29356 | Orc:2    | Acquired 810 gold pieces
 29359 | Orc:2    | Bought a +1 cloak of magic resistance for 247 gold pieces
 29484 | D:13     | Bought a scroll of enchant armour for 97 gold pieces
 29552 | D:11     | Bought a +1 buckler of protection for 214 gold pieces
 29737 | Swamp:1  | Entered Level 1 of the Swamp
 30134 | Swamp:1  | Reached XP level 15. HP: 134/134 MP: 27/31
 31317 | Swamp:2  | Noticed Donald
 31334 | Swamp:2  | Killed Donald
 31580 | Swamp:2  | Reached skill level 13 in Fighting
 33991 | Swamp:4  | Entered Level 4 of the Swamp
 34259 | Swamp:4  | Noticed a thorn hunter
 34272 | Swamp:4  | Killed a thorn hunter
 34946 | Swamp:4  | Noticed a thorn hunter
 34985 | Swamp:4  | Noticed a thorn hunter
 35000 | Swamp:4  | Reached skill level 14 in Fighting
 35222 | Swamp:4  | Reached XP level 16. HP: 134/146 MP: 17/32
 35479 | Swamp:4  | Got a decaying rune of Zot
 35495 | Swamp:4  | Noticed a thorn hunter
 35525 | Swamp:4  | Killed a thorn hunter
 35614 | Swamp:4  | Killed from afar by a thorn hunter

Illustrated notes

Levels and vault maps discovered:
D:1:      nzn_arrival_water_spiral, layout_basic
D:2:      layout_basic, grunt_temple_overflow_open
D:3:      layout_rooms
D:4:      layout_basic
D:5:      layout_cave_pools, minmay_temple_entry_glassed_door, serial_shops,
          shop, gammafunk_ghost_arena, uniq_grinder
D:6:      layout_rooms, dancing_weapons_uskayaw, gup_sewer_entry_pipe,
          serial_shops, shop, uniq_sigmund, uniq_duvessa
D:7:      layout_loops_corners, serial_shops, kennysheep_mini_moat
D:8:      layout_rooms, minmay_strange_pillars, grunt_ministairs_13,
          uniq_gastronok, uniq_maurice, uniq_harold, uniq_maggie
D:9:      minmay_the_grid_octo_triangle [minmay_the_grid_octo_odd_swirl,
          minmay_the_grid_octo_prize_star, minmay_the_grid_octo_teeth],
          layout_basic, lair_entry_dummy, basic_altar
D:10:     layout_small_grid, nicolae_dithmenos_shadow_blocks, uniq_urug
D:11:     layout_loops_ring, hiddenorc2_lemuel, serial_shops,
          nicolae_shop_behind_doors, kennysheep_mini, elyvilon_altar_3,
          uniq_grum
D:12:     layout_grid_maze
D:13:     hangedman_cross_cluster, layout_cave_pools, serial_shops, shop
Lair:1:   layout_chaotic_city, serial_bayou_shore_a
Lair:2:   layout_chaotic_city, gammafunk_ghost_wrathful_warriors, st_stairs_6
Lair:3:   layout_small_grid, chequers_serial_rivers_large_a, grunt_megastairs_2
Lair:4:   layout_small_grid, swamp_mist, nicolae_spider_entry_orb_guardian
Lair:5:   layout_concentric_octagons, worms_lemuel, uniq_snorg, uniq_nessos
Lair:6:   wormcave, layout_regular_city, hangedman_lair_caniforms_friends,
          dpeg_slime_entry_enclosed_altar, gammafunk_lair_bear_cave
Swamp:1:  layout_falls_marsh, nicolae_swamp_very_dense_foliage
Swamp:2:  layout_basic_swamp, evilmike_swamp_ruin_house_4, uniq_donald
Swamp:3:  layout_basic_swamp, hangedman_swamp_ruin_wall
Swamp:4:  swamp_alternative, layout_basic_swamp, infiniplex_staircase_pool
Orc:1:    layout_caves, ebering_ghost_xom
Orc:2:    st_orc_rangers, layout_diamond_mine, trog_book

Skill      XL: |  1  2  3  4  5  6  7  8  9 10 11 12 13 14 15 16 |
---------------+-------------------------------------------------+-----
Fighting       | 1 2 3 4 5 7 8 9 10 12 14 | 14.0
Short Blades   | 1 2 3 4 6 7 5 |  5.0
Spellcasting   | 3 4 5 7 10 11 12 | 12.0
Air Magic      | 1 |  1.4
Poison Magic   | 1 |  1.5
Dodging        | 3 5 6 8 9 |  9.7
Translocations | 2 4 5 |  5.3
Stealth        | 3 4 |  4.2
Conjurations   | 5 6 7 |  7.1
Shields        | 4 6 8 9 |  9.0
Summonings     | 2 8 10 12 13 | 13.9
Ice Magic      | 2 |  2.7
Polearms       | 2 8 |  8.1
Hexes          | 2 |  2.4
Evocations     | 3 |  3.1

Action                   |  1- 3 |  4- 6 |  7- 9 | 10-12 | 13-15 | 16-18 || total
-------------------------+-------+-------+-------+-------+-------+-------++-------
Melee: Dagger            |    15 |   117 |   267 |   491 |    67 |       ||   957
       Tailslap          |     1 |     1 |    22 |    49 |   191 |     7 ||   271
       Lance             |       |       |       |       |  2130 |    65 ||  2195
Throw: Javelin           |       |     2 |       |       |       |       ||     2
       Dart              |       |       |       |     2 |       |       ||     2
 Cast: Magic Dart        |    70 |    41 |   117 |    39 |    20 |     2 ||   289
       Searing Ray       |       |     8 |    25 |    21 |       |       ||    54
       Mephitic Cloud    |       |       |     4 |    12 |    23 |       ||    39
       Iskenderun's Myst |       |       |       |     1 |       |       ||     1
       Summon Ice Beast  |       |       |       |    43 |    75 |     3 ||   121
       Summon Forest     |       |       |       |     6 |    27 |     2 ||    35
       Summon Hydra      |       |       |       |       |    37 |     2 ||    39
       Blink             |       |       |       |       |     1 |       ||     1
Invok: Curse Item        |     2 |       |     5 |     2 |     4 |       ||    13
       Scrying           |       |       |       |     1 |       |       ||     1
       Transfer Knowledg |       |       |       |       |     1 |       ||     1
 Abil: Breathe Dispellin |       |       |       |    10 |     4 |       ||    14
Evoke: Wand              |       |       |       |     1 |     2 |       ||     3
  Use: Scroll            |       |       |    18 |    10 |    11 |       ||    39
       Potion            |       |       |     1 |    10 |       |       ||    11
 Stab: Sleeping          |       |       |     5 |    10 |    21 |       ||    36
       Confused          |       |       |     2 |     8 |    30 |       ||    40
       Distracted        |       |       |       |     2 |    20 |     1 ||    23
Armor: Skin              |     5 |    45 |    82 |    78 |   352 |    22 ||   584
Dodge: Dodged            |    11 |    99 |   150 |   182 |   839 |    26 ||  1307
Block: Buckler           |       |       |       |    61 |   408 |     9 ||   478

Table legend: (Time is in decaauts)
 A = Elapsed time spent in this place.
 B = Non-inter-level travel time spent in this place.
 C = Inter-level travel time spent in this place.
 D = Time resting spent in this place.
 E = Time spent auto-exploring this place.
 F = Levels seen in this place.
 G = Mean time per level.
                   A        B        C        D        E       F      G
               +--------+--------+--------+--------+--------+-----+--------+
         Total |  34282 |  32429 |   1853 |   1672 |  24387 |  26 | 1318.5 |
       Dungeon |  15029 |  13923 |   1106 |    568 |  10486 |  13 | 1156.1 |
          Lair |  11350 |  10858 |    492 |    715 |   8340 |   6 | 1891.7 |
         Swamp |   5183 |   5027 |    156 |    140 |   3876 |   4 | 1295.8 |
  Orcish Mines |   2071 |   1973 |     98 |    214 |   1343 |   2 | 1035.5 |
         Sewer |    648 |    648 |      0 |     35 |    342 |   1 |  648.0 |
               +--------+--------+--------+--------+--------+-----+--------+

Top non-repeatable levels by time:
  Lair:6: 3339 daAuts
  Lair:1: 2000 daAuts
  Lair:5: 1927 daAuts
     D:2: 1925 daAuts
  Lair:3: 1742 daAuts
     D:7: 1635 daAuts
   Orc:2: 1523 daAuts
 Swamp:2: 1493 daAuts
    D:13: 1469 daAuts
 Swamp:4: 1461 daAuts
    D:12: 1304 daAuts
     D:9: 1294 daAuts
  Lair:4: 1258 daAuts
 Swamp:1: 1155 daAuts
  Lair:2: 1082 daAuts
